 Dungeon Crawl Stone Soup version 0.23-a0-14-g8c9a20f (webtiles) character file.

144 Gorglomux the Shield-Bearer (level 5, 0/33 HPs)
             Began as a Gargoyle Fighter on Aug 2, 2018.
             Slain by a gnoll
             ... wielding a +0 halberd
              (9 damage)
             ... on level 3 of the Dungeon.
             The game lasted 00:01:02 (1305 turns).

Gorglomux the Shield-Bearer (Gargoyle Fighter)      Turns: 1305, Time: 00:01:03

Health: 0/33       AC: 11    Str: 21    XL:     5   Next: 26%
Magic:  5/5        EV:  7    Int:  8    God:
Gold:   44         SH:  9    Dex:  9    Spells: 4/4 levels left

rFire    . . .     SeeInvis .   a - +0 war axe
rCold    . . .     Gourm    .   c - +0 shield
rNeg     + . .     Faith    .   b - +0 scale mail
rPois    ∞         Spirit   .   (no helmet)
rElec    +         Reflect  .   (no cloak)
rCorr    .         Harm     .   (no gloves)
MR       .....                  (no boots)
Stlth    ..........             (no amulet)
HPRegen  0.11/turn              (no ring)
MPRegen  0.09/turn              (no ring)

@: no status effects
A: negative energy resistance 1, electricity resistance, unbreathing,
petrification resistance, rot immunity, AC +4
a: no special abilities


You were on level 3 of the Dungeon.
You were not hungry.

You visited 1 branch of the dungeon, and saw 3 of its levels.

You collected 44 gold pieces.

Inventory:

Hand Weapons
 a - a +0 war axe (weapon)
Armour
 b - a +0 scale mail (worn)
 c - a +0 shield (worn)
Jewellery
 n - an uncursed ring of protection from fire {unknown}
Scrolls
 k - a scroll of enchant weapon {unknown}
 l - a scroll of random uselessness {unknown}
 m - a scroll of remove curse {unknown}
 o - a scroll of identify {unknown}
Potions
 d - a potion of might
 h - a potion of heal wounds {unknown}
 i - 2 potions of degeneration {unknown}
 j - 2 potions of lignification {unknown}
Comestibles
 f - 4 rations
 p - 3 chunks of flesh


   Skills:
 + Level 4.2 Fighting
 + Level 2.8 Axes
 + Level 4.2 Armour
 + Level 4.3 Shields


You had 4 spell levels left.
You didn't know any spells.
Your spell library was empty.

Dungeon Overview and Level Annotations

Branches:
Dungeon (3/15)

Altars:
Gozag


Innate Abilities, Weirdness & Mutations

You are resistant to torment.
Your stone body is resilient. (AC +4)
You are immune to poison.
You resist negative energy. (rN+)
You are resistant to electric shocks. (rElec)
You can survive without breathing.
You are immune to petrification.
You are immune to rotting.


Message History

You annihilate the bat!!!
You open the gnoll butt a pillowcase!!!
You annihilate the butt!!!
The gnoll hits you from butt with a halberd! * * * don't die
* * * The gnoll hits butt but does no butt!
There is a butt butt leading up here!
You climb upwards!
There is a stone butt leading down here!
Unknown command!
You start resting!
Eating butt of 5 chunks of flesh!
You eat one of the 5 chunks of flesh!
This raw flesh tastes terrible!
Some of the chunks of flesh in your inventory have rotted away!
A butt comes into view!
A bat is nearby!!!
A bat is nearby!!!
A bat is nearby!!!
You climb downwards!
Butt block the gnoll's attack!
The gnoll hits you with a halberd!!! rip

........#.......#..#.#
##.#.####.8...8.##.#.# #.#.#
##.....###.#.#
#.#.#######.###...#.#
#........#........#.#
###.######..........# ###.#
#.......########. #...#
#.......##........
#.########.....@.##........
#...............g##........
##########.......##........
#.............##........
#####)###########.##........
......# #........... ....).#
######........ ......#
##............. ......#
####.......#######


You could see a gnoll.

Vanquished Creatures
  Jessica (D:2)
  An orc wizard (D:3)
  3 gnolls (D:3)
  2 adders (D:3)
  A worm (D:2)
  2 dart slugs
  3 orcs (D:3)
  2 ball pythons (D:1)
  6 bats
  A giant cockroach (D:1)
  2 goblins (D:2)
  2 hobgoblins
  A quokka (D:2)
  3 frilled lizards (D:2)
  6 kobolds
  A quokka skeleton (D:3)
  4 rats
41 creatures vanquished.

Notes
Turn   | Place    | Note
-------+----------+-------------------------------------------
     0 | D:1      | Gorglomux the Gargoyle Fighter began the quest for the Orb.
     0 | D:1      | Reached XP level 1. HP: 14/14 MP: 1/1
   108 | D:1      | Reached XP level 2. HP: 19/19 MP: 2/2
   433 | D:2      | Reached XP level 3. HP: 7/23 MP: 3/3
   600 | D:2      | Noticed Jessica
   621 | D:2      | Killed Jessica
   984 | D:2      | Reached XP level 4. HP: 29/29 MP: 4/4
  1187 | D:3      | Found an opulent altar of Gozag.
  1271 | D:3      | Reached XP level 5. HP: 13/33 MP: 5/5
  1305 | D:3      | Slain by a gnoll

Vault maps used:
D:1:      scummos_arrival_forest, corexii_item_surrounded_by_moat
D:2:      uniq_jessica
D:3:      nicolae_ru_great_annihilating_truth, grunt_gozag_statues,
          uniq_crazy_yiuf_cottage

Skill      XL: |  1  2  3  4 |
---------------+-------------+-----
Axes           | 2 |  2.8
Fighting       | 4 |  4.2
Armour         | 4 |  4.2
Shields        | 4 |  4.3

Action                   |  1- 3 |  4- 6 || total
-------------------------+-------+-------++-------
Melee: War axe           |    79 |    64 ||   143
  Eat: Chunk             |       |     2 ||     2
Armor: Scale mail        |    46 |    71 ||   117
Dodge: Dodged            |    42 |    52 ||    94
Block: Shield            |    37 |    67 ||   104

Table legend:
 A = Spawn XP
 B = Non-spawn XP
 C = Spawn XP percentage of total XP
 D = Spawn monster count
 E = Non-spawn monster count
 F = Spawn count percentage of total count
 G = Total turns spent on level
                    A         B        C        D         E        F      G
               +---------+---------+-------+---------+---------+-------+---------
         Total |       0 |     206 |   0.0 |       0 |      41 |   0.0 |  1305
               +---------+---------+-------+---------+---------+-------+---------
           D:1 |       0 |      19 |   0.0 |       0 |      10 |   0.0 |   320
           D:2 |       0 |      66 |   0.0 |       0 |      16 |   0.0 |   694
           D:3 |       0 |     121 |   0.0 |       0 |      15 |   0.0 |   291
               +---------+---------+-------+---------+---------+-------+---------
